[Event "*** Titled Tuesday Blitz"]
[Site "Chess.com"]
[Date "2019.11.05"]
[Round "9"]
[White "rasmussvane"]
[Black "FairChess_on_YouTube"]
[Result "1/2-1/2"]
[WhiteElo "2848"]
[BlackElo "3018"]
[TimeControl "180+2"]
[EndTime "15:09:36 PST"]
[Termination "Game drawn by stalemate"]

1. Nf3 b5 2. e4 Bb7 3. Bxb5 Bxe4 4. O-O Nf6 5. d4 e6 6. c4 Bb7 7. Nc3 Bb4 8. Bg5 O-O 9. Rc1 h6 10. Bh4 Be7 11. Re1 d6 12. Ba4 Nbd7 13. Bc2 Rb8 14.
b3 Re8 15. Qd3 Nf8 16. Bg3 Nh5 17. Rcd1 Nxg3 18. hxg3 Bf6 19. Ne4 g6 20. Nxf6+ Qxf6 21. Qe3 Bxf3 22. gxf3 h5 23. f4 Kg7 24. Kg2 Nd7 25.
Be4 Rh8 26. Bc6 Rbd8 27. d5 exd5 28. Rxd5 h4 29. Qd4 Nb8 30. Qxf6+ Kxf6 31. Ba4 Na6 32. Ra5 Nc5 33. Rxa7 hxg3 34. fxg3 Ra8 35. Rxc7 Nxa4 36.
bxa4 Rxa4 37. Kf3 Rxa2 38. Rd1 Ra6 39. Kg4 Re8 40. Rb1 Re7 41. Rxe7 Kxe7 42. Re1+ Kf6 43. Rd1 Rc6 44. Rd4 Ke6 45. Re4+ Kf6 46. Rd4 Kg7 47. f5 Kf6 48. fxg6 fxg6 49. Rf4+ Kg7 50. Kf3 g5 51. Re4 Kf6 52. Ke3 Rc5 53. g4 d5 54.
cxd5 Rxd5 55. Kf3 Rd3+ 56. Kf2 Ra3 57. Rb4 Ke5 58. Kg2 Re3 59. Kf2 Re4 60. Rxe4+ Kxe4 61.
Ke2 Kf4 62. Kf2 Kxg4 63. Kg2 Kh4 64. Kh2 Kg4 65. Kg2 Kf4 66. Kf2 g4 67. Kg2 g3 68.
Kg1 Kg4 69. Kg2 Kh4 70. Kg1 Kh3 71. Kh1 g2+ 72. Kg1 Kg3 1/2-1/2

[Event "*** Titled Tuesday Blitz"]
[Site "Chess.com"]
[Date "2019.11.05"]
[Round "9"]
[White "Olga_Ustinova"]
[Black "Alextorngren"]
[Result "1-0"]
[WhiteElo "2409"]
[BlackElo "2220"]
[TimeControl "180+2"]
[EndTime "15:09:37 PST"]
[Termination "Olga_Ustinova won by resignation"]

1. d4 e6 2. Nf3 Nf6 3. Bf4 c5 4. e3 b6 5. Nbd2 cxd4 6. exd4 Bb7 7. c3 Be7 8. h3 O-O 9. Be2 d6 10. O-O Re8 11. Re1 Nbd7 12. Bh2 Nf8 13. a4 a6 14. Qb3 Ng6 15. Nc4 Nd5 16. Ncd2 Qd7 17. Bf1 Rac8 18. Rac1 Bd8 19. Ne4 Bc7 20. Qa3 Red8 21. Nfd2 Nf6 22.
Nxf6+ gxf6 23. Qb3 f5 24. Qd1 Kh8 25. Qh5 Rg8 26. Nf3 Qxa4 27. Ng5 Rg7 28. Bd3 Qc6 29. f3 Bd8 30. Re2 Bxg5 31. Qxg5 Rcg8 32. Kh1 Nf8 33. Qf4 Ng6 34. Qxd6 Nh4 35. Qxc6 Bxc6 36. Rf2 f6 37. Bf1 b5 38. Ra1 Ra7 39. b3 Rc8 40. c4 bxc4 41. bxc4 Ng6 42. Rfa2 Rca8 43. Bg1 Rb7 44. Rxa6 Rxa6 45.
Rxa6 Rb1 46. Rxc6 Rxf1 47. Rxe6 Nf4 48. Re7 Rc1 49. d5 Kg8 50. d6 Kf8 51. Rxh7 Ne2 52. d7 Rxg1+ 53. Kh2 Rd1 54. c5 Nc3 55. c6 Nb5 56.
Rh8+ Ke7 57. Re8+ Kf7 58. d8=Q Rxd8 59. Rxd8 Ke6 60. h4 f4 61. h5 Ke7 62. Rd7+ Ke6 63. h6 Nd4 64. Rxd4 1-0

[Event "*** Titled Tuesday Blitz"]
[Site "Chess.com"]
[Date "2019.11.05"]
[Round "9"]
[White "joshdaruca"]
[Black "Genghis_K"]
[Result "1/2-1/2"]
[WhiteElo "2710"]
[BlackElo "2903"]
[TimeControl "180+2"]
[EndTime "15:09:43 PST"]
[Termination "Game drawn by agreement"]

1. Nf3 Nf6 2. g3 g6 3. Bg2 Bg7 4. O-O O-O 5. c4 d6 6. d4 c6 7. Nc3 Bf5 8. b3 Ne4 9. Bb2 Nxc3 10.
Bxc3 Be4 11. Rc1 Nd7 12. Bh3 Bxf3 13. exf3 d5 14. Re1 e6 15. Bf1 a5 16. f4 Re8 17.
h4 Nf6 18. Bd3 h5 19. c5 Ng4 20. a3 Nh6 21. Qd2 b6 22. b4 axb4 23. axb4 b5 24.
Ra1 Qd7 25. Ra5 Rxa5 26. bxa5 Ra8 27. Ra1 Ra6 28. Kg2 Bf6 29. Qb2 Kg7 30. Kg1 Qd8 31. Kg2 Qh8 32. Qd2 Kh7 33. Be2 Nf5 34. Rd1 Qd8 35.
Ra1 Bg7 36. Rd1 Ra8 37. Ra1 Qc8 38. Bd3 Bf6 39. Bxf5 exf5 40. Re1 Kg7 41. Bb2 Qa6 42. Bc3 Qb7 43. Bb4 Qd7 44. Bc3 Qb7 45. Bb4 Qd7 46. Bc3 Ra6 47. Bb4 Kf8 48. Bc3 Ra8 49. Bb4 Qb7 50. Re3 Re8 51. Qe2 Rxe3 52. Qxe3 Qa6 53. Bd2 Qb7 54. Bb4 Qa6 55. f3 Qb7 56. Kh3 Qc8 57.
Qa3 Qa6 58. Qe3 Qc8 59. Bc3 Qb7 60. Qe2 Bd8 61. Qe5 b4 62. Qh8+ Ke7 63. Qe5+ Kf8 64. Qh8+ Ke7 65. Qe5+ Kd7 66. Qd6+ Ke8 67. Qe5+ 1/2-1/2

[Event "*** Titled Tuesday Blitz"]
[Site "Chess.com"]
[Date "2019.11.05"]
[Round "9"]
[White "codapbg94"]
[Black "coolthing"]
[Result "1-0"]
[WhiteElo "2175"]
[BlackElo "2341"]
[TimeControl "180+2"]
[EndTime "15:09:50 PST"]
[Termination "codapbg94 won by resignation"]

1. e4 Nf6 2. e5 Nd5 3. d4 d6 4. Nf3 g6 5. Bc4 Nb6 6. Bb3 Bg7 7. Qe2 O-O 8. c3 c5 9. dxc5 dxc5 10. h3 Qc7 11.
Nbd2 Nc6 12. e6 fxe6 13. Bxe6+ Kh8 14. O-O Bd7 15. Bb3 Rae8 16. Ne4 Ne5 17. Nxe5 Bxe5 18. Bh6 Bg7 19. Bxg7+ Kxg7 20. Rae1 e5 21. Rd1 c4 22. Bc2 Bc6 23. Rd2 Rf4 24. Rfd1 Ref8 25. f3 R4f7 26. Nd6 Rf6 27. Nxc4 Nxc4 28. Qxc4 Qb6+ 29. Kh2 Bb5 30. Qb3 e4 31. Bxe4 Qc7+ 32. Kg1 Qc5+ 33. Rd4 a5 34. Qa3 Qb6 35. Kh1 Kh6 36.
Rd6 Rxd6 37. Qxd6 Qf2 38. Qd2+ Qxd2 39. Rxd2 Re8 40. Kg1 Ba6 41. Kf2 Re7 42. Ke3 Kg7 43. Rd5 Kf6 44. Rxa5 Rd7 45. Rd5 Re7 46. Rd6+ Kf7 47.
b4 Bc4 48. a4 Bb3 49. a5 Ba4 50. Rb6 Bc6 51. b5 Be8 52. Rxb7 Rxb7 53. Bxb7 Bxb5 54.
a6 Bxa6 55. Bxa6 Ke6 56. Bc4+ Kf5 57. Bg8 h6 58. Bh7 Kf6 59. c4 Kg7 60. Bxg6 Kxg6 61.
Ke4 Kf6 62. f4 h5 63. g4 h4 64. c5 Ke6 65. g5 Kf7 66. c6 Kg7 67. c7 Kh7 68. c8=Q Kg6 69. Qg4 Kg7 70. Qxh4 Kf7 71. Qh6 Kg8 72. Ke5 Kf7 73. Qh7+ Kf8 74. Kf6 1-0

[Event "*** Titled Tuesday Blitz"]
[Site "Chess.com"]
[Date "2019.11.05"]
[Round "9"]
[White "Niklas2304"]
[Black "TST2014"]
[Result "0-1"]
[WhiteElo "2359"]
[BlackElo "2532"]
[TimeControl "180+2"]
[EndTime "15:10:15 PST"]
[Termination "TST2014 won on time"]

1. e4 c5 2. Nf3 Nc6 3. d4 cxd4 4.
Nxd4 Nf6 5. Nc3 d6 6. Bg5 e6 7. Qd2 a6 8. O-O-O Bd7 9. f4 h6 10. Bxf6 Qxf6 11. e5 dxe5 12. Ndb5 Qd8 13. Nd6+ Bxd6 14.
Qxd6 exf4 15. Bc4 Qe7 16. Qc7 Bc8 17. Qxf4 Qg5 18. Qxg5 hxg5 19. Ne4 f6 20. Nd6+ Ke7 21. Rhe1 Ne5 22. Bb3 Rd8 23. Ne4 Rxd1+ 24. Rxd1 b6 25.
a4 Bb7 26. Nd6 Bxg2 27. Nc4 Nxc4 28. Bxc4 g4 29. Rg1 Bh3 30. b4 a5 31. bxa5 bxa5 32. Kb2 Rc8 33. Ba6 Rc5 34. c4 f5 35.
Kc3 f4 36. Kd4 Rf5 37. c5 f3 38. Bf1 f2 39. Rh1 Kd7 40. Bxh3 gxh3 41. Rf1 Kc6 42. Ke3 Kxc5 43. Ke2 Kb4 44. Rb1+ Kxa4 45. Kf1 Ka3 46. Rb6 Rf6 47. Rb7 g6 48. Rh7 Rf3 49.
Re7 Rf6 50. Rh7 a4 51. Rxh3+ Kb2 52. Re3 a3 53. Re2+ Kb3 54. Re3+ Kb4 55. Re4+ Kb5 56.
Re5+ Kb6 57. Re3 Kc5 58. Rxa3 e5 59. Ra5+ Kd4 60. Ra4+ Ke3 61. Ra3+ Ke4 62. Ra4+ Kf3 63. Ra3+ Kg4 64. Rg3+ Kh4 65. Re3 Rf5 66. Rd3 g5 67.
Rd8 Kg4 68. Rd3 Rf3 69. Rd5 Kf4 70. Rd8 e4 71. Ra8 e3 0-1

[Event "*** Titled Tuesday Blitz"]
[Site "Chess.com"]
[Date "2019.11.05"]
[Round "9"]
[White "raswi"]
[Black "przemekpiotrowski"]
[Result "0-1"]
[WhiteElo "2227"]
[BlackElo "2421"]
[TimeControl "180+2"]
[EndTime "15:10:17 PST"]
[Termination "przemekpiotrowski won by resignation"]

1. e4 c5 2. Nf3 Nc6 3. d4 cxd4 4. Nxd4 Nf6 5. Nc3 d6 6. Bg5 e6 7. Qd2 a6 8. O-O-O Bd7 9. f4 b5 10. Bxf6 gxf6 11. Nxc6 Bxc6 12. f5 h5 13. Kb1 b4 14.
Ne2 e5 15. Qxb4 Rb8 16. Qd2 Bxe4 17. Nc3 Bxf5 18. Bxa6 Qa5 19. Bc4 Be6 20. Bb3 Rd8 21.
Rhf1 Bh6 22. Qd3 f5 23. Nd5 f4 24. Nf6+ Ke7 25. Nd5+ Bxd5 26. Bxd5 Kf6 27. g3 Rdg8 28. Bb3 Qc5 29. Qa6 Rd8 30. Qb7 Rhf8 31. gxf4 Bxf4 32. Rde1 d5 33. Rd1 d4 34. Qe4 Qc8 35. Rde1 Qf5 36. Qc6+ Kg7 37. Rg1+ Kh7 38. Qf3 Rg8 39. Bd5 Kh6 40. Be4 Qf6 41. Rgf1 Rg5 42. h4 Rg4 43. Qd3 Rdg8 44. a3 Rxh4 45. Bd5 Rh2 46. Qc4 Rg7 47. Rg1 Rxg1 48. Rxg1 Be3 49. Rd1 Rf2 50. Qc8 Kh7 51. Be4+ Kg7 52. Rg1+ Bg5 53.
Qh3 h4 54. Qg4 Rf1+ 55. Rxf1 Qxf1+ 56. Ka2 Qf6 57. Qh5 Qh6 58. Qg4 h3 59. Qf5 h2 60.
Qxe5+ Bf6 61. Qg3+ Kf8 62. Qb8+ Kg7 63. Qg3+ Bg5 64.
a4 Qe6+ 65. b3 f6 66. Bh1 d3 67. Qxh2 Qe2 68. Qc7+ Kh6 69. Bd5 Qxc2+ 70. Qxc2 dxc2 0-1

[Event "*** Titled Tuesday Blitz"]
[Site "Chess.com"]
[Date "2019.11.05"]
[Round "9"]
[White "SiddharthGMJagadeesh"]
[Black "FearlessKing64"]
[Result "1-0"]
[WhiteElo "2578"]
[BlackElo "2319"]
[TimeControl "180+2"]
[EndTime "15:10:27 PST"]
[Termination "SiddharthGMJagadeesh won by resignation"]

1. e4 c5 2. Nf3 d6 3. d4 cxd4 4. Nxd4 Nf6 5. Nc3 a6 6. Be2 e5 7. Nb3 Be7 8. O-O Be6 9. Be3 Nbd7 10. Qd3 O-O 11. Nd5 Bxd5 12. exd5 b6 13. a4 Nc5 14. Nxc5 dxc5 15. c4 a5 16. Rad1 Ne8 17. Qf5 Bd6 18.
Bg5 f6 19. Be3 Qc8 20. Qxc8 Rxc8 21. Bd3 g6 22. Bh6 Ng7 23. Rde1 Rfe8 24. Re2 Kf7 25.
Rfe1 f5 26. f3 Nh5 27. g4 fxg4 28. fxg4 Nf4 29. Rf2 Kg8 30. Bf1 Re7 31. Bxf4 exf4 32. Rxe7 Bxe7 33. Rxf4 Rf8 34. Rxf8+ Kxf8 35. Kf2 Bf6 36.
b3 Be5 37. h3 g5 38. Kf3 Kf7 39. Ke4 Kf6 40. Bd3 h6 41. d6 Bxd6 42. Kd5 Be7 43.
Kc6 Bd8 44. Kd7 Be7 45. Kc7 Ke5 46. Kxb6 Kd4 47. Bf5 Bd8+ 48. Kb5 Bc7 49. Kc6 Bd8 50. Kd7 Bb6 51. Kc6 Bd8 52. Kb5 Bc7 53. Be6 Bd8 54. Bd5 Bc7 55. Bf7 Bd8 56. Be8 Bc7 57. Kc6 Bd8 58.
Kd7 Bb6 59. Ke6 Bd8 60. Kf7 Bc7 61. Kg6 Kc3 62. Kxh6 Bf4 63. Kh5 Kxb3 64. Bb5 Kc3 65. h4 gxh4 66. Kxh4 Kd4 67. Kh5 Ke5 68. Kg6 Ke6 69.
g5 Be3 70. Be8 Bd2 71. Bf7+ Ke7 72. Bd5 Be3 73. Kf5 Bd2 74. Kg4 Bc1 75. Kf5 Bd2 76.
g6 Kf8 77. Ke6 Kg7 78. Be4 Bc3 79. Kd5 Bd4 80. Kc6 Be3 81. Kb6 Bd2 82. Kxc5 1-0

[Event "*** Titled Tuesday Blitz"]
[Site "Chess.com"]
[Date "2019.11.05"]
[Round "9"]
[White "Darhild"]
[Black "cool4chess"]
[Result "1/2-1/2"]
[WhiteElo "2689"]
[BlackElo "2573"]
[TimeControl "180+2"]
[EndTime "15:10:37 PST"]
[Termination "Game drawn - insufficient material"]

1. e4 e5 2. Nf3 Nc6 3. d4 exd4 4. Nxd4 Nf6 5. Nxc6 bxc6 6. e5 Qe7 7. Qe2 Nd5 8.
h4 Qe6 9. Nd2 a5 10. c4 Ba6 11.
Qe4 Nb6 12. Bd3 g6 13. O-O Bg7 14. f4 O-O 15. b3 d5 16. Qf3 dxc4 17. Nxc4 Nxc4 18.
Bxc4 Bxc4 19. bxc4 Qxc4 20. Ba3 Rfd8 21. Rac1 Qxa2 22. Rxc6 Rab8 23. Be7 Rb3 24. Rc3 Rxc3 25. Qxc3 Rd2 26. Qc6 h5 27. f5 Qd5 28. Qxd5 Rxd5 29. f6 Bh6 30. e6 Be3+ 31. Kh2 Rf5 32. Rb1 Bb6 33. Rd1 fxe6 34. Rd8+ Kh7 35. Rd7 g5 36. hxg5 Kg6 37. Ba3 Kxg5 38. f7 c5 39. Rb7 Kg6 40.
Rxb6 Kxf7 41. Rc6 Rf4 42. Rxc5 Ra4 43. Bb2 Kg6 44. Bc3 Rh4+ 45. Kg1 a4 46. Ra5 Rc4 47. Bd2 Rc2 48. Bf4 Rc4 49. Bb8 Rb4 50. Bd6 Rd4 51. Be5 Rc4 52. Bg3 Rc3 53. Kh2 Rc4 54.
Kh3 Re4 55. Bd6 Rd4 56. Be7 Rd3+ 57. g3 Rd4 58. Bc5 Rd5 59. Bb6 Rxa5 60. Bxa5 a3 61. Bc3 Kg5 62. Bd2+ Kf5 63. Kh4 a2 64. Bc3 e5 65.
Kxh5 e4 66. g4+ Kf4 67. g5 e3 68. g6 e2 69. g7 e1=Q 70. Bxe1 a1=Q 71. g8=Q Qxe1 72. Qg5+ Kf3 73. Qf5+ Kg2 74. Qg4+ Qg3 75. Qxg3+ Kxg3 1/2-1/2

[Event "*** Titled Tuesday Blitz"]
[Site "Chess.com"]
[Date "2019.11.05"]
[Round "9"]
[White "gena217"]
[Black "vugarrasulov"]
[Result "0-1"]
[WhiteElo "2911"]
[BlackElo "2792"]
[TimeControl "180+2"]
[EndTime "15:10:43 PST"]
[Termination "vugarrasulov won by resignation"]

1. e4 e5 2. Nf3 Nc6 3. Bb5 a6 4. Ba4 Nf6 5. O-O Be7 6. d3 d6 7. c4 O-O 8. Nc3 Nd7 9. Bxc6 bxc6 10. d4 a5 11. b3 Bf6 12. Be3 Re8 13. Re1 Bb7 14. Rc1 g6 15. h3 Bg7 16. Qd2 Qe7 17.
Rcd1 Red8 18. Bg5 f6 19. Be3 Nf8 20. Qc1 Ne6 21. d5 Nf8 22. c5 Qf7 23. dxc6 Bxc6 24.
Nd2 a4 25. b4 dxc5 26. Bxc5 Bh6 27. Be3 Bxe3 28. Rxe3 Ne6 29. Nf3 Nf4 30. a3 Qc4 31.
Kh2 Rd7 32. g3 Ne6 33. Rxd7 Bxd7 34. Qd2 Nd4 35. Nd5 Kg7 36. Nxd4 exd4 37. Rd3 c5 38. bxc5 Qxc5 39. Rxd4 Be6 40. Nf4 Bf7 41. Rd7 Kg8 42.
Kg2 Re8 43. Nd5 Re6 44. Qf4 Kg7 45. h4 h6 46. Ne3 Qc6 47. Rd4 Re8 48. h5 g5 49. Nf5+ Kh7 50. Qd6 Qxd6 51. Nxd6 Rd8 52. g4 Be6 53. f3 Kg8 54. Kf2 Kf8 55. Ke3 Rb8 56. Rd3 Rb1 57. Nf5 Bxf5 58. exf5 Ke7 59. Kd4 Kd6 60. Re3 Rd1+ 61. Kc4 Rc1+ 62. Kb4 Kd5 63.
Kxa4 Kd4 64. Re6 Rf1 65. Rxf6 Rxf3 66. Rxh6 Rf4 67. Rg6 Rxg4 68. Kb5 Ke5 69. Rg8 Kxf5 70. a4 Rh4 71. Rf8+ Ke6 72. Rg8 Rxh5 73. a5 Kf7 74.
Rc8 g4+ 75. Rc5 Rxc5+ 76. Kxc5 g3 77. a6 g2 78. a7 g1=Q+ 79. Kc6 Qxa7 0-1

[Event "*** Titled Tuesday Blitz"]
[Site "Chess.com"]
[Date "2019.11.05"]
[Round "9"]
[White "ural58"]
[Black "DeGrootteZ"]
[Result "0-1"]
[WhiteElo "2471"]
[BlackElo "2625"]
[TimeControl "180+2"]
[EndTime "15:10:48 PST"]
[Termination "DeGrootteZ won on time"]

1. Nc3 c5 2. d4 cxd4 3. Qxd4 Nc6 4. Qd3 g6 5. e4 Bg7 6. Nf3 Nf6 7. Nd5 O-O 8. Be2 d6 9. O-O Bg4 10. c3 Rc8 11.
Bg5 Nd7 12. Rfe1 Re8 13. Rad1 Qa5 14. a3 Bxf3 15. Qxf3 Nde5 16. Qg3 h6 17. Bc1 e6 18.
Nb4 Nxb4 19. axb4 Qc7 20. h3 Red8 21. Qh4 Kh7 22. f4 Nd7 23. Kh1 Nf6 24. Bf3 Kg8 25. Qf2 b6 26. g4 a5 27. bxa5 bxa5 28. Bg2 a4 29. Re2 a3 30. bxa3 Qxc3 31. Bb2 Qb3 32.
Red2 Qa4 33. Qe3 Rb8 34. Ba1 Rb3 35. Rd3 Rxa3 36. Rxa3 Qxd1+ 37. Kh2 Nxg4+ 38. hxg4 Bxa1 39. Qb6 Rc8 40. Qa6 Rc1 41. e5 dxe5 42. Qa8+ Kg7 43.
f5 Qg1+ 44. Kh3 exf5 45. gxf5 Rc3+ 46. Rxc3 Bxc3 47. f6+ Kxf6 48. Qc6+ Kg7 49. Qxc3 Qd4 50. Qe1 h5 51. Kh2 Qf4+ 52. Kh1 f5 53. Qa5 Kh6 54. Qd8 e4 55. Qh8+ Kg5 56. Qd8+ Kg4 57.
Qd1+ Kg3 58. Qe1+ Qf2 59. Qc3+ e3 60. Qe5+ Qf4 61. Qe6 Kf2 62. Qf6 e2 63. Qb6+ Qe3 64. Qb2 f4 65. Qc2 g5 66. Qb2 h4 67. Qc2 h3 68. Bc6 Kg3 0-1

[Event "*** Titled Tuesday Blitz"]
[Site "Chess.com"]
[Date "2019.11.05"]
[Round "9"]
[White "GrandGlacier"]
[Black "MikaelyanArman"]
[Result "1-0"]
[WhiteElo "2538"]
[BlackElo "2704"]
[TimeControl "180+2"]
[EndTime "15:10:58 PST"]
[Termination "GrandGlacier won by resignation"]

1. e4 c5 2. Nf3 Nc6 3. d4 cxd4 4. Nxd4 g6 5. c4 Bg7 6. Be3 Nf6 7. Nc3 O-O 8. Be2 d6 9. O-O Bd7 10. Rb1 Nxd4 11. Bxd4 Bc6 12. f3 a5 13. b3 Nd7 14.
Kh1 Bxd4 15. Qxd4 Nc5 16. a3 e5 17. Qe3 Ne6 18. Bd3 Nd4 19. Ne2 Nxe2 20. Bxe2 f5 21. exf5 gxf5 22. b4 axb4 23. axb4 Qf6 24. b5 Be8 25.
Rfd1 Ra2 26. Rd2 f4 27. Qc3 Rxd2 28. Qxd2 Bg6 29. Rd1 Rd8 30. Bd3 Kg7 31. Bxg6 hxg6 32. Qd5 Qf7 33. Qe4 Rd7 34. g3 fxg3 35. hxg3 Qe6 36. Kg2 Rc7 37. Rd5 Rc8 38. c5 dxc5 39. Rxe5 Qa2+ 40. Kh3 Rf8 41. Re7+ Rf7 42. Qe5+ Kh7 43.
Re8 Rg7 44. Qxc5 Qb1 45. Qf8 Qh1+ 46. Kg4 Qh5+ 47. Kf4 g5+ 48. Ke4 Qg6+ 49. Qf5 Qxf5+ 50. Kxf5 Rf7+ 51. Kxg5 Rxf3 52. Re7+ Kg8 53. g4 b6 54.
Re6 Kf7 55. Rxb6 Rb3 56. Kf5 Rf3+ 57. Ke5 Re3+ 58. Kd5 Rg3 59. Rc6 Rxg4 60. b6 Ke7 61.
Kc5 Rg5+ 62. Kb4 Kd7 63. Rc4 Rg1 64. Kb5 Rb1+ 65. Ka6 Ra1+ 66. Kb7 Rd1 67. Kb8 Rb1 68.
b7 Ra1 69. Rd4+ Ke7 70. Kc7 Rc1+ 71. Kb6 Rb1+ 72. Kc6 Rb2 73. Rd5 Ke6 74. Rb5 Rc2+ 75. Kb6 1-0

[Event "*** Titled Tuesday Blitz"]
[Site "Chess.com"]
[Date "2019.11.05"]
[Round "9"]
[White "GianmarcoVaR"]
[Black "deBaller"]
[Result "1-0"]
[WhiteElo "2529"]
[BlackElo "2354"]
[TimeControl "180+2"]
[EndTime "15:11:11 PST"]
[Termination "GianmarcoVaR won by checkmate"]

1. c4 e5 2. g3 Nc6 3. Bg2 Nf6 4. Nc3 Bb4 5. Nd5 Bc5 6. e3 Nxd5 7. cxd5 Ne7 8. Ne2 O-O 9. O-O c6 10. Qc2 Bd6 11.
dxc6 dxc6 12. d4 Bf5 13. e4 Bg6 14. Rd1 exd4 15. Nxd4 Qb6 16. Be3 Bc5 17. Rac1 Bxd4 18. Bxd4 Qa5 19. b4 Qc7 20. Qb2 f6 21. e5 Nf5 22.
Bc5 fxe5 23. Bxf8 Rxf8 24. b5 c5 25. Rd5 b6 26. Qxe5 Qxe5 27. Rxe5 Nd4 28. Re7 Nxb5 29. Rd1 Nc3 30. Rdd7 Nxa2 31. Rxg7+ Kh8 32. Rxa7 Nc3 33. Rab7 b5 34. Rgc7 c4 35. Bc6 Ne2+ 36. Kf1 Nd4 37. Bxb5 Bd3+ 38. Ke1 Nxb5 39. Rxb5 Re8+ 40.
Kd1 c3 41. Rd5 c2+ 42. Rxc2 Bxc2+ 43. Kxc2 Re2+ 44. Rd2 Re6 45. Kd3 Kg7 46. Re2 Rd6+ 47. Ke3 Kf6 48. Kf3 Kf5 49. h4 h5 50. Re3 Rd4 51. Rb3 Ra4 52. Rb5+ Kg6 53. Rb6+ Kg7 54. Kg2 Ra2 55. Kf3 Ra4 56. Re6 Kh7 57. Re4 Ra2 58.
Re2 Ra4 59. Kg2 Kg6 60. f3 Rb4 61. Re3 Ra4 62. Kh3 Rb4 63. g4 Ra4 64. Kg3 Rb4 65.
Re5 hxg4 66. fxg4 Rb3+ 67. Kf4 Rb4+ 68. Re4 Rb1 69. Re6+ Kf7 70. Rd6 Rf1+ 71. Kg5 Ra1 72.
Rd7+ Ke6 73. Rg7 Ra5+ 74. Kg6 Ra4 75. Kh6 Kf6 76. g5+ Ke6 77. h5 Rh4 78. Kg6 Rh1 79.
h6 Rg1 80. h7 Rh1 81. Rg8 Rxh7 82. Kxh7 Kf7 83. g6+ Ke7 84. g7 Kf6 85. Rf8+ Ke5 86. g8=Q Ke4 87. Rf7 Kd3 88. Qe8 Kc4 89. Rd7 Kb4 90.
Qc8 Ka4 91. Rb7 Ka3 92. Qa8# 1-0

[Event "*** Titled Tuesday Blitz"]
[Site "Chess.com"]
[Date "2019.11.05"]
[Round "9"]
[White "ChessBitl"]
[Black "13MiRacLe"]
[Result "1-0"]
[WhiteElo "2370"]
[BlackElo "2576"]
[TimeControl "180+2"]
[EndTime "15:11:24 PST"]
[Termination "ChessBitl won by resignation"]

1. e4 e5 2. Nf3 Nc6 3. d4 exd4 4.
Bc4 Nf6 5. O-O Nxe4 6. Re1 d5 7. Bxd5 Qxd5 8. Nc3 Qa5 9. Nxe4 Be6 10. Bd2 Qd5 11.
Bg5 Bd6 12. c4 Qxc4 13. Nxd6+ cxd6 14. Re4 O-O 15. Nxd4 Nxd4 16. Rxd4 Qb5 17. Bf4 Qxb2 18. Rxd6 Rac8 19. Rd2 Qf6 20. Be3 a6 21. a4 b5 22.
Rd6 Rfd8 23. Rxd8+ Rxd8 24. Qc1 Bb3 25. axb5 axb5 26.
Qa3 Bc4 27. Rc1 h6 28. h3 Qf5 29. Qc5 Qe4 30. Qc7 Re8 31. Re1 Bd5 32. Qg3 Qd3 33.
Rc1 Re6 34. Qf4 Rg6 35. g4 Rf6 36. Qe5 Bc4 37. Qd4 Qe2 38. Qe4 Re6 39. Qf4 Rf6 40.
Qe4 Rg6 41. Ra1 Kh7 42. Kh2 Qd3 43. Qxd3 Bxd3 44. Rd1 Bc4 45. Rd7 Ra6 46. Rb7 Kg6 47. Kg3 f6 48. h4 Ra3 49. h5+ Kh7 50. Kf4 Ra4 51. Kg3 Be6 52. f3 Ra3 53. Kf4 Bd5 54.
Rxb5 Ra4+ 55. Kg3 Bc6 56. Rb6 Bd5 57. Rb5 Bc6 58. Rc5 Ba8 59. Rc3 Ra1 60. Rb3 Rf1 61. Bf2 Rd1 62. Kg2 Rc1 63. Kg3 Rc2 64. Ra3 Bc6 65.
Re3 Rc4 66. Ra3 Kg8 67. Be3 Kf7 68. Bf4 Ke6 69. Re3+ Kd5 70. Rd3+ Ke6 71. Rd6+ Kf7 72. Rd1 Rc3 73. Rf1 f5 74. Be5 Rd3 75. gxf5 Bd7 76. Kf4 Bc6 77. Rf2 Bd5 78. Bb2 Bc6 79. Bc1 Bb7 80.
Be3 Rb3 81. Rd2 Rb4+ 82. Kg3 Bc6 83. Rd6 Rc4 84. Bd4 Ke7 85. Be5 Rc5 86. f4 Kf7 87. Rg6 Be4 88. Rxg7+ Kf8 89. f6 Rc1 90. Bd6+ Ke8 91.
f7+ 1-0

[Event "*** Titled Tuesday Blitz"]
[Site "Chess.com"]
[Date "2019.11.05"]
[Round "9"]
[White "Galileo22"]
[Black "Vasily85"]
[Result "1-0"]
[WhiteElo "2410"]
[BlackElo "2220"]
[TimeControl "180+2"]
[EndTime "15:11:31 PST"]
[Termination "Galileo22 won by resignation"]

1. d4 Nf6 2. Nf3 e6 3. c4 Bb4+ 4. Bd2 a5 5. g3 b6 6. Bg2 Bb7 7. O-O O-O 8. Bg5 Be7 9. Bxf6 Bxf6 10. Nc3 d6 11. Qd2 Nd7 12. Rad1 g6 13. b3 e5 14. e3 Bg7 15. Ne1 Bxg2 16. Kxg2 exd4 17. exd4 Re8 18. Nc2 Qc8 19. Qd3 Qb7+ 20. Qf3 Qxf3+ 21. Kxf3 Nf6 22. Rfe1 Kf8 23. Nb5 Rxe1 24. Rxe1 Ne8 25. d5 Be5 26. Kg2 Rd8 27. f4 Bb2 28. Kf3 Rd7 29. Na7 h5 30. Nc6 Ng7 31. h3 Nf5 32. g4 hxg4+ 33. hxg4 Ne7 34. Nxe7 Rxe7 35. Rxe7 Kxe7 36. Ke4 Bc3 37. Kd3 Bb2 38. Ke4 Bc3 39. Ne3 Bd2 40.
Nf1 Bc3 41. Ng3 Bb2 42. Ne2 Bf6 43. Kd3 Bb2 44. Kc2 Bf6 45. a3 Kd7 46. b4 axb4 47. axb4 Ke7 48. Kb3 Kd7 49. Ka4 Bb2 50. Kb5 Bg7 51.
Ka6 Kc8 52. Ka7 Bb2 53. f5 gxf5 54. gxf5 Be5 55. Nc1 Bc3 56. Nd3 Bd2 57. Ka6 Bc3 58. Kb5 Kd7 59. Ka4 Bd2 60. Kb5 Be3 61. Ka6 Kc8 62.
Nb2 Bd2 63. Nd3 Bc3 64. b5 Bd4 65. Ka7 Bc3 66. Ka8 Bd2 67. Nf2 Bc3 68. Ne4 Bd4 69.
Ng5 f6 70. Nf7 Bc3 71. Nh8 Bd4 72. Ng6 Be5 73. Ne7+ Kd7 74. Nc6 Kc8 75. Na7+ Kd7 76. Kb7 Bd4 77. Nc6 Bc3 78. Nb8+ Kd8 79. Na6 Bd4 80.
Nxc7 Kd7 81. Na8 Be3 82. Nxb6+ Kd8 83. Na4 Kd7 84. b6 Bd4 85. Ka8 1-0

[Event "*** Titled Tuesday Blitz"]
[Site "Chess.com"]
[Date "2019.11.05"]
[Round "10"]
[White "ExploringChess"]
[Black "GadimbayliA"]
[Result "1/2-1/2"]
[WhiteElo "2750"]
[BlackElo "2929"]
[TimeControl "180+2"]
[EndTime "15:14:24 PST"]
[Termination "Game drawn by agreement"]

1. e4 e5 2. Nf3 Nf6 3. Nxe5 Nxe4 4. Qe2 Qe7 5. Qxe4 d6 6. d4 dxe5 7. Qxe5 Qxe5+ 8. dxe5 Nc6 9. Bb5 Bd7 10. O-O O-O-O 11. Bg5 Re8 12. Nc3 Nxe5 13. Bxd7+ Nxd7 14. Rfe1 1/2-1/2

[Event "*** Titled Tuesday Blitz"]
[Site "Chess.com"]
[Date "2019.11.05"]
[Round "10"]
[White "MFBerna"]
[Black "Irishchessman16"]
[Result "1-0"]
[WhiteElo "2322"]
[BlackElo "2203"]
[TimeControl "180+2"]
[EndTime "15:14:52 PST"]
[Termination "MFBerna won by resignation"]

1. e4 c6 2. d4 d5 3. exd5 cxd5 4. Bf4 Qb6 5. Nc3 Nf6 6. Nf3 Bg4 7. Be2 Bc8 8. O-O e6 9. Ne5 Be7 10. Qd2 O-O 11. Bg5 Nc6 12. Nxc6 bxc6 13. Na4 Qc7 14. Bxf6 Bxf6 15. Nc5 e5 16. dxe5 Qxe5 17. c3 Bf5 18. Bd3 Bxd3 19. Qxd3 Rab8 20. Nd7 1-0

[Event "*** Titled Tuesday Blitz"]
[Site "Chess.com"]
[Date "2019.11.05"]
[Round "10"]
[White "WinningButNotReally"]
[Black "StephenDedalus83"]
[Result "0-1"]
[WhiteElo "2454"]
[BlackElo "2791"]
[TimeControl "180+2"]
[EndTime "15:14:53 PST"]
[Termination "StephenDedalus83 won by resignation"]

1. Nf3 Nf6 2. c4 g6 3. g3 Bg7 4. Bg2 O-O 5. O-O d6 6. d4 Nc6 7. Nc3 e5 8. d5 Nb8 9. Ne1 a5 10.
Nd3 Na6 11. e4 Nd7 12. f4 exf4 13. Bxf4 Nac5 14. Nxc5 Nxc5 15. Qd2 Qe7 16. Rae1 Bd7 17.
Bh6 Bxh6 18. Qxh6 f6 19. Qd2 Rae8 20. Bf3 Kg7 21. Kg2 Qe5 22. Re2 a4 23. Rfe1 h5 24.
Nd1 Rh8 25. h3 h4 26. g4 Qg3+ 0-1

[Event "*** Titled Tuesday Blitz"]
[Site "Chess.com"]
[Date "2019.11.05"]
[Round "10"]
[White "mortngabriel"]
[Black "ranu540"]
[Result "1-0"]
[WhiteElo "2236"]
[BlackElo "1729"]
[TimeControl "180+2"]
[EndTime "15:15:09 PST"]
[Termination "mortngabriel won by resignation"]

1. e4 e5 2. f4 d5 3. exd5 exf4 4. Nf3 Nf6 5. Bc4 Nxd5 6. O-O Be7 7. Bb3 O-O 8. c4 Nf6 9. d4 Bg4 10. Bxf4 Bd6 11.
Bg5 h6 12. Bh4 g5 13. Bf2 Nbd7 14. Nc3 c6 15. Qd3 Bh5 16. c5 Bg6 17. Qxg6+ 1-0

[Event "*** Titled Tuesday Blitz"]
[Site "Chess.com"]
[Date "2019.11.05"]
[Round "10"]
[White "NikolaMa2000"]
[Black "PNEPaul"]
[Result "1-0"]
[WhiteElo "2025"]
[BlackElo "1739"]
[TimeControl "180+2"]
[EndTime "15:15:10 PST"]
[Termination "NikolaMa2000 won by resignation"]

1. d4 c5 2. Nf3 cxd4 3. Nxd4 g6 4.
g3 Bg7 5. Bg2 Nc6 6. Nb3 Nf6 7.
O-O O-O 8. Nc3 d6 9. a4 Bd7 10. a5 Qc8 11. Re1 Bh3 12. Bh1 Ng4 13. Nd5 Qf5 14.
Nf4 e5 15. Nxh3 1-0

[Event "*** Titled Tuesday Blitz"]
[Site "Chess.com"]
[Date "2019.11.05"]
[Round "10"]
[White "victormago"]
[Black "nitpicker"]
[Result "1/2-1/2"]
[WhiteElo "2454"]
[BlackElo "2322"]
[TimeControl "180+2"]
[EndTime "15:15:22 PST"]
[Termination "Game drawn by agreement"]

1. d4 Nf6 2. c4 e6 3. Nc3 Bb4 4. Qc2 d5 5. Nf3 O-O 6. Bg5 Nbd7 7.
e3 c5 8. dxc5 Qa5 9. Bxf6 Nxf6 10.
cxd5 Nxd5 11. Rc1 Qxc5 12. Bd3 h6 13. O-O Nxc3 14. bxc3 Ba3 15. Rb1 Rb8 16. Nd4 Bd7 17. Nb5 Bxb5 18. Rxb5 Qe7 19. Rfb1 Bc5 20. a4 b6 21. a5 Rbc8 22. axb6 axb6 23. c4 Rfd8 24. Bf1 Qf6 1/2-1/2